 Dungeon Crawl Stone Soup version 0.19-a0-811-gf4045fb (webtiles) character file.

4 Duffy the Ruffian (level 1, 0/12 HPs)
             Began as a Gargoyle Transmuter on June 28, 2016.
             Slain by a rat (3 damage)
             ... on level 1 of the Dungeon.
             The game lasted 00:00:10 (223 turns).

Duffy the Ruffian (Gargoyle Transmuter)              Turns: 223, Time: 00:00:10

Health: 0/12       AC:  4    Str: 13    XL:     1   Next: 60%
Magic:  3/3        EV: 12    Int: 13    God:
Gold:   0          SH:  0    Dex: 10    Spells: 1 memorised, 3 levels left

rFire  . . .     SeeInvis .       - Unarmed
rCold  . . .     Gourm    .     b - +0 robe
rNeg   + . .     Faith    .     (no shield)
rPois  ∞         Spirit   .     (no helmet)
rElec  +         Dismiss  .     (no cloak)
rCorr  .         Reflect  .     (no gloves)
SustAt .         Harm     .     (no boots)
MR     .....                    (no amulet)
Stlth  +.........               (no ring)
                                (no ring)

@: not resistant to hostile enchantments, very unstealthy
A: negative energy resistance 1, electricity resistance, unbreathing,
petrification resistance, rot immunity, AC +2
a: no special abilities


You were on level 1 of the Dungeon.
You were not hungry.

You visited 1 branch of the dungeon, and saw 1 of its levels.


Innate Abilities, Weirdness & Mutations

You are resistant to torment.
Your stone body is resilient. (AC +2)
You are immune to poison.
You resist negative energy. (rN+)
You are resistant to electric shocks. (rElec)
You can survive without breathing.
You are immune to petrification.
You are immune to rotting.


   Skills:
 + Level 1.3 Fighting
 - Level 1.5 Dodging
 + Level 3.2 Unarmed Combat
 - Level 2.0 Spellcasting
 - Level 1.5 Transmutations


You had 3 spell levels left.
You knew the following spells:

 Your Spells              Type           Power        Failure   Level  Hunger
a - Beastly Appendage     Tmut           #.....       14%         1    ##.....

Inventory:

Missiles
 a - 12 arrows
Armour
 b - a +0 robe (worn)
Books
 c - a book of Changes
Comestibles
 d - a bread ration

Dungeon Overview and Level Annotations

Branches:
Dungeon (1/15)

Altars:


Message History

A kobold is nearby!
The kobold shouts!
The kobold throws a stone.
The stone misses you. The kobold closely misses you.
You barely miss the kobold. You closely miss the kobold.
The kobold barely misses you.
You hit the kobold but do no damage. The kobold closely misses you.
You hit the kobold.
The kobold is severely wounded.
The kobold hits you but does no damage.
You hit the kobold.
You kill the kobold!
No target in view!
No target in view!
No target in view!
No target in view!
No target in view!
No target in view!
No target in view!
Found a robe.
A rat comes into view.
Things that are here:
a club; a stone; 26 gold pieces A rat is nearby!
Found a naga barding.
A rat, a goblin, a hobgoblin and a kobold come into view.
The hobgoblin shouts!
The kobold shouts!
The kobold throws a stone.
The stone hits you but does no damage.
You see here a stone.
The goblin shouts!
You hit the rat.
You kill the rat!
The kobold moves out of view.
A goblin and 3 hobgoblins come into view.
The hobgoblin shouts!
The kobold throws a stone.
The stone closely misses you.
A rat, a goblin, 3 hobgoblins and a kobold come into view.
You hit the hobgoblin but do no damage.
The kobold throws a stone.
The stone barely misses you. The hobgoblin closely misses you.
You barely miss the hobgoblin. The goblin closely misses you.
The hobgoblin hits you with a club.
You barely miss the kobold. The rat bites you. The hobgoblin barely misses you.
The kobold hits you with a mace.
You hit the kobold but do no damage. The hobgoblin completely misses you.
The hobgoblin hits you but does no damage.
The goblin hits you but does no damage. The rat barely misses you.
The hobgoblin hits you but does no damage.
You miss the kobold. The kobold barely misses you.
The hobgoblin hits you with a club. The rat bites you.
You die...

#.(.~~~~~.<#
#.#$8~8~8..#
#.###.#.#####.##
#...).##. .##
#######.#########
......#..........
......#+#(..####
......K...%.###
......g@g..(....
####..ggr..[##.[.
...........(# ..
.....##.#...# .
..... .###..#
.... .# ..# ##.
.## #.


You could see 3 hobgoblins, a goblin, a kobold and a rat.

Action                   || total
-------------------------++-------
Melee: Unarmed           ||    21
Armor: Robe              ||     5
Dodge: Dodged            ||    17

Notes
Turn   | Place    | Note
--------------------------------------------------------------
     0 | D:1      | Duffy the Gargoyle Transmuter began the quest for the Orb.
     0 | D:1      | Reached XP level 1. HP: 12/12 MP: 3/3
   223 | D:1      | Slain by a rat

Vault maps used:
D:1:      lightli_arrival_statue_moat, minmay_tripent

Vanquished Creatures
  A giant gecko
  A kobold
  A rat
3 creatures vanquished.
